 Dungeon Crawl Stone Soup version 0.23.0 (webtiles) character file.

Game seed: 11862857628020227709

7050 LostNumber the Grappler (level 10, -1/102 HPs)
             Began as a Troll Ice Elementalist on Feb 15, 2019.
             Killed by nerve-wracking pain
             ... invoked by an orc priest
              (6 damage)
             ... on level 8 of the Dungeon.
             The game lasted 00:16:25 (6707 turns).

LostNumber the Grappler (Troll Ice Elementalist)    Turns: 6707, Time: 00:16:26

Health: -1/102     AC:  8    Str: 21    XL:     10   Next: 83%
Magic:  19/19      EV:  9    Int: 11    God:
Gold:   453        SH:  0    Dex: 12    Spells: 10/11 levels left

rFire    + . .     SeeInvis .   z - +0 mace "Uvysif" {freeze, Dex+2} (curse)
rCold    . . .     Gourm    +   (no shield)
rNeg     . . .     Faith    .   q - +0 troll leather armour (curse)
rPois    .         Spirit   .   (helmet restricted)
rElec    .         Reflect  .   (no cloak)
rCorr    .         Harm     .   (gloves unavailable)
MR       .....                  (boots unavailable)
Stlth    +.........             n - amulet of regeneration
HPRegen  1.47/turn              C - ring of magical power
MPRegen  0.16/turn              i - ring of protection from fire

@: heavily drained
A: large, unfitting armour, claws 3, fast metabolism 3, gourmand, regeneration
1, shaggy fur 1, tough skin 3
a: no special abilities


You were on level 8 of the Dungeon.
You were very full.

You visited 2 branches of the dungeon, and saw 10 of its levels.

You collected 453 gold pieces.

Inventory:

Hand Weapons
 r - a +1 spear
   (You found it on level 3 of the Dungeon)
 x - a +4 hand axe of flaming
   (You took it off an orc warrior on level 9 of the Dungeon)
 z - the cursed +0 mace "Uvysif" (weapon) {freeze, Dex+2}
   (You found it on level 9 of the Dungeon)

   It has been specially enchanted to freeze those struck by it, causing extra
   injury to most foes and up to half again as much damage against particularly
   susceptible opponents.
   It can also slow down cold-blooded creatures.
   It affects your dexterity (+2).
   It has a curse placed upon it.
 A - a +1 whip of venom
   (You took it off an orc on level 3 of the Dungeon)
 B - a +2 flail of protection
   (You took it off an orc on level 6 of the Dungeon)
Missiles
 k - a throwing net (quivered) {!f}
Armour
 a - a +1 robe
 q - a cursed +0 troll leather armour (worn)
   (You took it off an orc priest on level 5 of the Dungeon)
Jewellery
 i - a ring of protection from fire (right claw)
   (You found it on level 5 of the Dungeon)
 n - an amulet of regeneration (around neck)
   (You found it on level 2 of the Dungeon)
 C - a ring of magical power (left claw)
   (You found it on level 6 of the Dungeon)
Wands
 t - a wand of flame (21)
   (You took it off a wight on level 9 of the Dungeon)
 u - a wand of paralysis (17)
   (You found it on level 4 of the Dungeon)
Scrolls
 b - 4 scrolls of enchant armour
 h - 5 scrolls of teleportation {@r4}
 w - 4 scrolls of identify {@r1}
 y - a scroll of fog
Potions
 c - 2 potions of curing {@q1}
 d - 2 potions of brilliance
 f - 2 potions of resistance
 g - a potion of haste {@q3}
 j - a potion of heal wounds {@q2}
 l - 2 potions of flight
 m - 3 potions of mutation {!q}
 o - 5 potions of lignification {!q}
 p - a potion of agility
 s - a potion of degeneration {!q}
Comestibles
 e - 22 rations {!d}


   Skills:
 + Level 7.3(5.0) Fighting
 * Level 2.7(2.2) Axes
 - Level 5.6(3.8) Maces & Flails
 - Level 1.5(0.0) Dodging
 - Level 1.0(0.0) Stealth
 + Level 11.9(9.4) Unarmed Combat
 - Level 1.2(0.0) Spellcasting
   Level 0.6(0.0) Conjurations
 - Level 2.1(0.2) Ice Magic


You had 10 spell levels left.
You knew the following spells:

 Your Spells              Type           Power        Failure   Level  Hunger
a - Freeze                Ice            #...         36%         1    ##.....

Your spell library contained the following spells:

 Spells                   Type           Power        Failure   Level  Hunger
 Magic Dart               Conj           #...         38%         1    ##.....
 Blink                    Tloc           N/A          52%         2    ###....
 Call Imp                 Summ           #.......     52%         2    ###....
 Slow                     Hex            #.......     52%         2    ###....
 Throw Frost              Conj/Ice       #.....       52%         2    ###....
 Ozocubu's Armour         Chrm/Ice       #.......     75%         3    ####...
 Conjure Flame            Conj/Fire      #.......     77%         3    ####...
 Mephitic Cloud           Conj/Pois/Air  #.......     77%         3    ####...
 Summon Ice Beast         Ice/Summ       #.......     98%         4    #####..
 Throw Icicle             Conj/Ice       #.......     98%         4    #####..
 Bolt of Magma            Conj/Fire/Erth #.........   100%        5    ######.
 Iskenderun's Battlesphe  Conj/Chrm      #.......     100%        5    ######.
 Venom Bolt               Conj/Pois      #.........   100%        5    ######.
 Iron Shot                Conj/Erth      #.........   100%        6    #######
 Orb of Destruction       Conj           #.........   100%        7    #######
 Spellforged Servitor     Conj/Summ      #.........   100%        7    #######


Dungeon Overview and Level Annotations

Branches:
Dungeon (9/15)             Temple (1/1) D:5
   Lair: D:8-11         Orc: D:9-12

Altars:
Ashenzari
Cheibriados
Dithmenos
Elyvilon
Fedhas
Gozag
Hepliaklqana
Kikubaaqudgha
Makhleb
Nemelex Xobeh
Okawaru
Qazlal
Ru
Sif Muna
Trog
Uskayaw
Vehumet
Wu Jian
Xom
Yredelemnul
Zin
The Shining One
Beogh

Annotations:
D:2 Sigmund
D:4 3 runed translucent doors, monokles's ghost, amateur DsWn


Innate Abilities, Weirdness & Mutations

You are too large for most types of armour.
You have claws for hands.
Your metabolism is lightning-fast.
You like to eat raw meat.
Your natural rate of healing is unusually fast.
You are covered in fur. (AC +1)
You have extremely tough skin. (AC +3)


Message History

* * * LOW HITPOINT WARNING * * *
The ice beast freezes you!
* * * LOW HITPOINT WARNING * * *
You hit the ice beast. The ice beast barely misses you.
You barely miss the ice beast. You claw the ice beast! The ice beast hits you.
* * * LOW HITPOINT WARNING * * *
The ice beast freezes you.
* * * LOW HITPOINT WARNING * * *
Things that are here:
a +0 mace of draining; an orc corpse The orc priest shouts!
The orc priest calls down the wrath of Beogh upon you.
Beogh smites you!
* * * LOW HITPOINT WARNING * * *
There is a stone staircase leading up here.
The ice beast hits you but does no damage.
The orc priest hits you with a +0 mace.
* * * LOW HITPOINT WARNING * * *
You climb upwards.
There is a stone staircase leading down here.
Unknown command.
The orc priest hits you with a +0 mace.
* * * LOW HITPOINT WARNING * * *
You sock the ice beast!
You kill the ice beast!
The orc priest hits you with a +0 mace.
* * * LOW HITPOINT WARNING * * *
You thump the orc priest! You freeze the orc priest.
The orc priest barely misses you.
You hit the orc priest. You freeze the orc priest.
The orc priest hits you but does no damage.
You hit the orc priest but do no damage.
The orc priest hits you with a +0 mace.
* * * LOW HITPOINT WARNING * * *
You barely miss the orc priest.
The orc priest mumbles some strange prayers to Beogh against you.
Beogh smites you!
* * * LOW HITPOINT WARNING * * *
You hit the orc priest but do no damage.
The orc priest mumbles some strange prayers to Beogh against you.
Beogh smites you!
* * * LOW HITPOINT WARNING * * *
You hit the orc priest but do no damage.
The orc priest begins to cast a cantrip, but forgets the words!
You barely miss the orc priest. The orc priest hits you with a +0 mace!
* * * LOW HITPOINT WARNING * * *
You barely miss the orc priest. Your claw misses the orc priest.
The orc priest calls down the wrath of Beogh upon you.
Pain shoots through your body!
You die...

)......# #....#
#....#.# #.#..#
#)...#.# #.#..#####
#....#># #........#
####.#.######>.###.#
####.#.........# #.#
..##.#.#######.# #.#
.....### #>###.#
...### #.o@..# ...#
####### (..# )..#
...# ...# ...# ...#
####


You could see an orc priest.

Vanquished Creatures
  A deep elf mage (D:7)
  A manticore (D:7)
  2 trolls
  A hippogriff (D:7)
  A wraith (D:8)
  A vampire (D:9)
  A hungry ghost (D:8)
  A water moccasin (D:9)
  2 ice beasts
  6 orc warriors
  A phantom (D:7)
  2 necrophages (D:8)
  2 sky beasts
  8 ogres
  A black bear (D:6)
  3 centaurs
  3 bullfrogs (D:8)
  A wyvern zombie (D:6)
  3 scorpions
  7 killer bees
  4 wights
  3 howler monkeys
  3 centaur zombies
  3 crimson imps
  8 orc priests
  2 bullfrog zombies
  3 jellies
  2 centaur skeletons
  4 bullfrog skeletons
  6 hounds
  3 human zombies (D:8)
  6 orc wizards
  3 iguanas
  6 worker ants
  An ogre zombie (D:8)
  A hound zombie (D:5)
  3 hound skeletons
  3 mummies (D:8)
  A worker ant zombie (D:7)
  A howler monkey zombie (D:5)
  8 gnolls (D:2)
  11 adders
  A howler monkey skeleton (D:6)
  4 shadow imps
  2 adder skeletons
  4 adder zombies (D:5)
  2 worms
  7 dart slugs
  5 leopard geckos
  44 orcs
  2 ball pythons
  6 bats
  4 giant cockroaches
  7 goblins
  10 hobgoblins
  14 jackals
  4 quokkas
  3 frilled lizards
  3 giant cockroach zombies (D:5)
  A jackal zombie (D:5)
  4 kobolds
  An orc zombie (D:8)
  6 rats
267 creatures vanquished.

Notes
Turn   | Place    | Note
-------+----------+-------------------------------------------
     0 | D:1      | LostNumber the Troll Ice Elementalist began the quest for
                  | the Orb.
     0 | D:1      | Reached XP level 1. HP: 16/16 MP: 1/1
    66 | D:1      | Reached skill level 1 in Unarmed Combat
   118 | D:1      | Reached XP level 2. HP: 26/26 MP: 2/2
   663 | D:2      | Found a shattered altar of Ashenzari.
   733 | D:2      | Reached skill level 1 in Fighting
   733 | D:2      | Reached skill level 2 in Unarmed Combat
   733 | D:2      | Reached XP level 3. HP: 26/33 MP: 3/3
   791 | D:2      | Noticed Sigmund
  1290 | D:2      | Reached skill level 3 in Unarmed Combat
  1290 | D:2      | Reached XP level 4. HP: 39/41 MP: 4/4
  1463 | D:2      | Reached XP level 5. HP: 40/49 MP: 5/5
  1693 | D:3      | You fall through a shaft for 2 floors!
  1693 | D:5      | Entered Level 5 of the Dungeon
  1693 | D:5      | Found a glowing golden altar of the Shining One.
  1843 | D:3      | Reached skill level 4 in Unarmed Combat
  2285 | D:4      | Reached XP level 6. HP: 48/59 MP: 6/6
  2322 | D:4      | Reached skill level 5 in Unarmed Combat
  2390 | D:4      | Identified the +3 ring mail "Piujoss" {rPois Str+4}
  2413 | D:4      | Found a runed translucent gate.
  2414 | D:4      | Found a runed translucent gate.
  2420 | D:4      | Found a runed translucent gate.
  2422 | D:4      | Noticed monokles's ghost (amateur DsWn)
  2579 | D:4      | Found a snail-covered altar of Cheibriados.
  2664 | D:4      | Found an ornate altar of the Wu Jian Council.
  2765 | D:4      | Identified the +1 robe "Emoelobb" {+Inv MR+ Dex-3 SInv}
  2767 | D:4      | Found a roughly hewn altar of Beogh.
  2814 | D:5      | Reached skill level 6 in Unarmed Combat
  2814 | D:5      | Reached XP level 7. HP: 67/67 MP: 7/7
  3038 | D:5      | Found a glowing silver altar of Zin.
  3108 | D:5      | Reached skill level 7 in Unarmed Combat
  3154 | D:5      | You fall through a shaft!
  3183 | D:6      | Reached XP level 8. HP: 65/78 MP: 8/8
  3352 | D:5      | Reached skill level 8 in Unarmed Combat
  3466 | D:5      | Reached skill level 1 in Maces & Flails
  3477 | D:5      | Found a staircase to the Ecumenical Temple.
  3567 | Temple   | Entered the Ecumenical Temple
  3907 | D:6      | Found an opulent altar of Gozag.
  4069 | D:6      | Reached skill level 5 in Fighting
  4282 | D:6      | Found a blossoming altar of Fedhas.
  4384 | D:6      | Found a shadowy altar of Dithmenos.
  4466 | D:7      | Reached skill level 9 in Unarmed Combat
  4618 | D:7      | Reached XP level 9. HP: 83/88 MP: 9/9
  4618 | D:7      | Noticed a manticore
  4622 | D:7      | Killed a manticore
  4712 | D:7      | Noticed a deep elf mage
  4716 | D:7      | Killed a deep elf mage
  4716 | D:7      | Reached skill level 10 in Unarmed Combat
  4951 | D:7      | Noticed a troll
  4961 | D:7      | Killed a troll
  5200 | D:8      | Reached XP level 10. HP: 98/98 MP: 10/10
  5374 | D:8      | Reached skill level 11 in Unarmed Combat
  5397 | D:8      | Found a basalt altar of Yredelemnul.
  5406 | D:8      | Reached skill level 5 in Maces & Flails
  5998 | D:9      | Found a deep blue altar of Sif Muna.
  6065 | D:9      | Reached skill level 1 in Axes
  6146 | D:9      | Got a faintly glowing mace
  6147 | D:9      | Identified the cursed +0 mace "Uvysif" {freeze, Dex+2} (You
                  | found it on level 9 of the Dungeon)
  6706 | D:8      | HP: 4/102 [orc priest/+0 mace (7)]
  6707 | D:8      | Killed from afar by an orc priest

Skill      XL: |  1  2  3  4  5  6  7  8  9 10 |
---------------+-------------------------------+-----
Unarmed Combat | 1 2 3 4 6 7 9 10 11 | 11.9
Fighting       | 1 2 3 4 5 6 7 |  7.3
Maces & Flails | 2 4 5 |  5.6
Axes           | 2 |  2.7
Dodging        | |  1.5
Stealth        | |  1.0
Spellcasting   | |  1.2
Conjurations   | |  0.6
Ice Magic      | |  2.1

Action                   |  1- 3 |  4- 6 |  7- 9 | 10-12 || total
-------------------------+-------+-------+-------+-------++-------
Melee: Unarmed           |   126 |   190 |   368 |   177 ||   861
       Punch             |       |     5 |    10 |    11 ||    26
       Mace              |       |       |       |   130 ||   130
  Use: Scroll            |       |     5 |    11 |     2 ||    18
       Potion            |       |     2 |       |       ||     2
 Stab: Sleeping          |     1 |     2 |     1 |       ||     4
  Eat: Chunk             |    17 |    13 |    24 |    18 ||    72
Armor: Robe              |    52 |    86 |    17 |       ||   155
       Troll leather arm |       |       |   117 |    87 ||   204
Dodge: Dodged            |    53 |   149 |   167 |   117 ||   486
